 Dungeon Crawl Stone Soup version 0.25.1-2-g60ff931df9 (webtiles) character file.

Game seed: 13909040421329569177

77 Ivernyr the Chiller (level 4, -2/22 HPs)
             Began as a Vine Stalker Ice Elementalist on Oct 17, 2020.
             Slain by Grinder (9 damage)
             ... on level 2 of the Dungeon.
             The game lasted 00:09:15 (2630 turns).

Ivernyr the Chiller (Vine Stalker Ice Elementalist) Turns: 2630, Time: 00:09:15

Health: -2/22      AC:  2    Str: 11    XL:     4   Next: 33%
Magic:  0/9        EV: 12    Int: 16    God:
Gold:   82         SH:  0    Dex: 14    Spells: 4/8 levels left

rFire    . . .     SeeInvis +   (no weapon)
rCold    . . .     Gourm    .   (no shield)
rNeg     . . .     Faith    .   a - +0 robe
rPois    .         Spirit   +   (no helmet)
rElec    .         Reflect  .   (no cloak)
rCorr    .         Harm     .   (no gloves)
MR       .....                  (no boots)
Stlth    ++........             (no amulet)
HPRegen  0.47/turn              n - ring of see invisible (curse)
MPRegen  0.11/turn              (no ring)

@: no status effects
A: fangs 2, regeneration 1, magic shield, antimagic bite, no potion heal 3, rot
immunity
a: no special abilities


You were on level 2 of the Dungeon.
You were hungry.

You visited 1 branch of the dungeon, and saw 4 of its levels.

You collected 82 gold pieces.

Inventory:

Armour
 a - a +0 robe (worn)
Jewellery
 n - a cursed ring of see invisible (left hand)
Wands
 m - a wand of clouds (3)
Scrolls
 b - 2 scrolls of remove curse {unknown}
 d - 2 scrolls of fog {unknown}
 e - 2 scrolls of teleportation {unknown}
 f - a scroll of blinking {unknown}
 g - a scroll of enchant armour {unknown}
 h - 2 scrolls of identify {unknown}
Potions
 i - a potion of invisibility {unknown}
 j - a potion of degeneration {unknown}
 k - a potion of curing {unknown}
 l - a potion of resistance {unknown}
Comestibles
 c - 4 rations


   Skills:
 + Level 1.2 Fighting
 + Level 2.1 Dodging
 - Level 2.4 Stealth
 + Level 2.8 Spellcasting
 * Level 4.7 Ice Magic


You had 4 spell levels left.
You knew the following spells:

 Your Spells              Type           Power        Failure   Level  Hunger
a - Freeze                Ice            ###.         2%          1    #......
b - Frozen Ramparts       Ice            ###...       9%          3    ###....

Your spell library contained the following spells:

 Spells                   Type           Power        Failure   Level  Hunger
 Ozocubu's Armour         Chrm/Ice       #.......     22%         3    ###....
 Hailstorm                Conj/Ice       #.......     58%         4    #####..
 Summon Ice Beast         Ice/Summ       #.......     58%         4    #####..


Dungeon Overview and Level Annotations

Branches:
Dungeon (4/15)
 Temple: D:4-7

Altars:
Elyvilon
Xom

Annotations:
D:2 Grinder


Innate Abilities, Weirdness & Mutations

You have extremely sharp teeth.
Your natural rate of healing is unusually fast.
When hurt, damage is shared between your health and your magic reserves.
Your bite disrupts and absorbs the magic of your enemies.
Potions cannot restore your health.
You are immune to rotting.


Message History

There is a stone staircase leading up here.
Grinder drinks a potion.
Grinder seems to speed up.
You climb upwards.
There is a stone staircase leading down here.
Grinder hits you!
You writhe in agony.
Grinder gestures at you.
You suddenly lose the ability to move!
Grinder gestures at you. Pain shoots through your body!
* * * LOW HITPOINT WARNING * * *
Grinder hits you.
You writhe in agony.
* * * LOW HITPOINT WARNING * * *
Grinder gestures at you.
You struggle to resist.
Grinder barely misses you.
Grinder blinks!
Grinder says, "DUCK!"
Grinder barely misses you.
You can move again.
Grinder hits you!
You die...

##.###.##.(#.#####........#...#'#
##.....).........#........#...#.#
.......###(...##.#.#..........#.#
.......###(...##.#.#......#.#.#.#
.#...#........##.#.#......#.#.#.#
.....###...#.........######...#..
.......###.#>..#.#.#.### ###.#..
.#.##...##(##..#...#...# ##.....
.#.##...##.##..5@.<###.# #......
...........##..###.###.# ###.##..
..###...#####..# #.....# #.......
.........####..###.....# #.....##
#.##............###...####.......
..........####.###......#........
.#...#.#.......# #..........)....
.#...#....###### #..####.####....
.##.####### #..##.....##.#..


You could see Grinder (fast).

Vanquished Creatures
  3 adders
  A dart slug (D:1)
  2 leopard geckos (D:1)
  A ball python (D:3)
  5 giant cockroaches
  3 goblins
  3 hobgoblins
  A quokka (D:2)
  8 bats
  3 frilled lizards
  10 kobolds
  4 rats
44 creatures vanquished.

Vanquished Creatures (others)
  Ijyb (D:3)
1 creature vanquished.

Grand Total: 45 creatures vanquished

Notes
Turn   | Place    | Note
-------+----------+-------------------------------------------
     0 | D:1      | Ivernyr the Vine Stalker Ice Elementalist began the quest
                  | for the Orb.
     0 | D:1      | Reached XP level 1. HP: 9/9 MP: 4/4
   476 | D:1      | Reached XP level 2. HP: 14/14 MP: 3/6
   903 | D:1      | Reached XP level 3. HP: 17/17 MP: 2/7
   908 | D:1      | Learned a level 3 spell: Frozen Ramparts
  1698 | D:2      | Reached skill level 1 in Fighting
  1783 | D:2      | Found a shimmering altar of Xom.
  1784 | D:2      | Found a shimmering altar of Xom.
  1784 | D:2      | Found a shimmering altar of Xom.
  1785 | D:2      | Found a shimmering altar of Xom.
  1786 | D:2      | Found a shimmering altar of Xom.
  1787 | D:2      | Found a shimmering altar of Xom.
  1796 | D:2      | Found a shimmering altar of Xom.
  1974 | D:2      | Found a white marble altar of Elyvilon.
  2008 | D:2      | You fall into a shaft and drop 2 floors!
  2019 | D:3      | Gained mutation: Your natural rate of healing is unusually
                  | fast. [Vine Stalker growth]
  2019 | D:3      | Reached XP level 4. HP: 22/22 MP: 5/9
  2097 | D:3      | Noticed Ijyb
  2118 | D:3      | Killed Ijyb
  2179 | D:3      | Noticed Grinder
  2623 | D:2      | Paralysed by Grinder for 7 turns
  2630 | D:2      | Slain by Grinder

Illustrated notes

Levels and vault maps discovered:
D:1:      sevenhm_arrival_forest_fort_small_4, layout_loops_ring,
          minmay_close_crescents
D:2:      layout_basic, old_standard_altar, xom_redecorated
D:3:      layout_basic, grunt_gozag_statues, uniq_jessica, uniq_grinder,
          uniq_ijyb
D:4:      layout_basic, kennysheep_generic_room_7

Skill      XL: |  1  2  3 |
---------------+----------+-----
Dodging        | 2 |  2.1
Fighting       | 1 |  1.2
Stealth        | |  2.4
Spellcasting   | |  2.8
Ice Magic      | |  4.7

Action                   |  1- 3 |  4- 6 || total
-------------------------+-------+-------++-------
Melee: Unarmed           |    20 |     6 ||    26
       Bite              |     4 |     2 ||     6
 Cast: Freeze            |    54 |    13 ||    67
 Stab: Sleeping          |       |     1 ||     1
  Eat: Chunk             |     2 |     3 ||     5
Armor: Robe              |     6 |     5 ||    11
Dodge: Dodged            |    50 |    12 ||    62
